Map: Dusk Towers

Players

Bowman

  • Race: Protoss Protoss
  • League: Grandmaster

pugwalker - Winner!

  • Race: Terran Terran
  • League: Master

VOD

Have the link to the VOD?

Description

Time

  • Played on: Feb. 20, 2016, 8:40 p.m.
  • Length: 2:07
Show
View Real Time Build Order
Export as new Build Order

Bowman Protoss 

Build Orders:  

Get SALT Encoding   

  12  0:01  Probe (Chrono Boost)  
  13  0:11  Probe (Chrono Boost)  
  14  0:18  Pylon  
  14  0:23  Probe (Chrono Boost)  
  15  0:37  Probe (Chrono Boost)  
  16  0:42  Forge  
  16  0:47  Probe (Chrono Boost)  
  17  0:51  Pylon  
  17  0:58  Probe (Chrono Boost)  
  18  1:15  Photon Cannon  
  18  1:17  Photon Cannon  
  18  1:35  Pylon  
  18  1:38  Probe (Chrono Boost)  
  18  1:49  Probe (Chrono Boost)  
Show
View Real Time Build Order
Export as new Build Order

pugwalker Terran - Winner!

Build Orders:  

Get SALT Encoding   

  12  0:00  SCV  
  13  0:13  SCV  
  14  0:17  Supply Depot  
  14  0:25  SCV  
  15  0:38  SCV  
  15  0:39  Barracks  
  16  0:50  SCV, Refinery  
  17  0:59  Supply Depot  
  17  1:05  SCV  
  18  1:17  SCV  
  19  1:30  SCV, Marine  
  21  1:41  Bunker  
  21  1:42  SCV  
  22  1:48  Marine  
Tags
 
Add a new tag
Caveats
  • Supply blocks, unpowered buildings, or Contaminate may cause inaccurate times.
  • Supply counts are checked every 10 seconds.